[ PARTIDA AOE2 · #494966947 ]
UnrankedPersas vs Celts
[ ANÁLISIS DE REPETICIÓN · EXTRAÍDO DE LA PARTIDA GRABADA ]
Feudal
33:28
Castillos
42:30
Imperial
—
| APM promedio | 13.9 |
| APM pico | 46 |
| eAPM promedio | 8.6 |
| Aldeanos / militares | 115 / 6 |
Foco
⚔️ 14.8% · 🌾 85.2%
Spearman ×6
Feudal
13:41
Castillos
30:28
Imperial
45:09
| APM promedio | 39.9 |
| APM pico | 85 |
| eAPM promedio | 24.0 |
| Aldeanos / militares | 184 / 172 |
Foco
⚔️ 22.5% · 🌾 77.5%
Woad Raider ×136 · Battering Ram ×26 · Scout Cavalry ×6 · Trebuchet (Packed) ×2 · Monk ×1 · Knight ×1
Feudal
18:16
Castillos
37:37
Imperial
—
| APM promedio | 17.0 |
| APM pico | 56 |
| eAPM promedio | 9.9 |
| Aldeanos / militares | 64 / 41 |
Foco
⚔️ 29.3% · 🌾 70.7%
Mangudai ×33 · Steppe Lancer ×6 · Spearman ×2
Feudal
15:45
Castillos
22:16
Imperial
51:53
| APM promedio | 32.0 |
| APM pico | 74 |
| eAPM promedio | 10.4 |
| Aldeanos / militares | 107 / 102 |
Foco
⚔️ 31.4% · 🌾 68.6%
Camel Scout ×87 · Scout Cavalry ×7 · Mangonel ×3 · Trebuchet (Packed) ×3 · Armored Elephant ×2
Feudal
13:49
Castillos
21:08
Imperial
38:28
| APM promedio | 19.4 |
| APM pico | 50 |
| eAPM promedio | 10.7 |
| Aldeanos / militares | 76 / 2 |
Foco
⚔️ 27.7% · 🌾 72.3%
Unknown (1952) ×48 · Unknown (1949) ×21 · Unknown (1942) ×16 · Spearman ×2
Feudal
35:10
Castillos
39:36
Imperial
—
| APM promedio | 28.2 |
| APM pico | 84 |
| eAPM promedio | 15.0 |
| Aldeanos / militares | 114 / 39 |
Foco
⚔️ 22.1% · 🌾 77.9%
Steppe Lancer ×34 · Battering Ram ×5
Mapa de la partida
Recursos iniciales + cada clic de construcción. Líneas = muros · curvas = relieve. ◆ oro · ⬟ piedra · ● bayas · ✦ reliquia · ◌ hueco del cierre
Tu base· Abierta — hueco de 11t
Base de OG-chaahhn Kenobi· Abierta — flanco sin cerrar
Base de Balaputeradewa· Abierta — hueco de 5t
Base de Cilantro Ranger· Abierta — flanco sin cerrar
Base de CARCA_ELMATA7· Abierta — hueco de 6t
Base de praetorian005· Abierta — flanco sin cerrar
Terreno inicial suavizado · ◌ = hueco del cierre detectado · pasá el cursor para detalles
Inputs por minuto
— Road To Herald - - OG-chaahhn Kenobi
Build order — Road To Herald
Primeras 150 de 246 acciones detectadas
| 0:23 | Construir | Town Center |
| 1:13 | Construir | House |
| 1:17 | Construir | House |
| 2:45 | Crear | Villager (Male) ×5 |
| 2:46 | Investigar | Loom |
| 3:21 | Construir | Lumber Camp |
| 4:03 | Crear | Villager (Male) |
| 4:03 | Crear | Villager (Male) |
| 4:26 | Crear | Villager (Male) |
| 5:11 | Crear | Villager (Male) |
| 5:37 | Crear | Villager (Male) |
| 6:20 | Investigar | Loom |
| 6:30 | Crear | Villager (Male) |
| 7:00 | Construir | House |
| 7:13 | Crear | Villager (Male) |
| 7:13 | Crear | Villager (Male) |
| 7:14 | Crear | Villager (Male) |
| 8:01 | Crear | Villager (Male) |
| 8:47 | Crear | Villager (Male) |
| 8:57 | Construir | Mill |
| 11:15 | Construir | Town Center |
| 12:19 | Construir | Town Center |
| 13:22 | Crear | Villager (Male) |
| 13:23 | Crear | Villager (Male) |
| 13:23 | Crear | Villager (Male) |
| 13:23 | Crear | Villager (Male) |
| 13:24 | Crear | Villager (Male) |
| 13:24 | Crear | Villager (Male) |
| 13:24 | Crear | Villager (Male) |
| 13:24 | Crear | Villager (Male) |
| 15:38 | Crear | Villager (Male) |
| 15:39 | Crear | Villager (Male) |
| 15:52 | Construir | House |
| 16:23 | Crear | Villager (Male) ×2 |
| 16:24 | Crear | Villager (Male) |
| 16:42 | Crear | Villager (Male) |
| 16:42 | Crear | Villager (Male) |
| 16:42 | Crear | Villager (Male) |
| 17:23 | Crear | Villager (Male) |
| 18:02 | Crear | Villager (Male) |
| 18:03 | Crear | Villager (Male) |
| 18:03 | Crear | Villager (Male) |
| 18:43 | Crear | Villager (Male) |
| 18:43 | Crear | Villager (Male) |
| 19:23 | Crear | Villager (Male) |
| 19:30 | Construir | House |
| 21:04 | Construir | Town Center |
| 21:45 | Crear | Villager (Male) |
| 21:46 | Crear | Villager (Male) |
| 22:33 | Crear | Villager (Male) |
| 23:01 | Construir | Mill |
| 23:49 | Construir | Mining Camp |
| 24:32 | Crear | Villager (Male) |
| 24:51 | Crear | Villager (Male) |
| 25:19 | Crear | Villager (Male) |
| 25:38 | Crear | Villager (Male) |
| 25:43 | Construir | House |
| 26:40 | Crear | Villager (Male) |
| 27:02 | Crear | Villager (Male) |
| 27:13 | Construir | Lumber Camp |
| 27:34 | Crear | Villager (Male) |
| 28:25 | Crear | Villager (Male) |
| 29:05 | Construir | Mill |
| 29:09 | Crear | Villager (Male) |
| 29:15 | Construir | House |
| 29:32 | Crear | Villager (Male) |
| 30:15 | Construir | Mill |
| 30:17 | Crear | Villager (Male) |
| 31:24 | Investigar | Feudal Age |
| 31:29 | Construir | Mining Camp |
| 33:28 | Edad | Edad Feudal |
| 33:33 | Construir | Market |
| 33:36 | Construir | Blacksmith |
| 34:52 | Investigar | Wheelbarrow |
| 34:54 | Investigar | Town Watch |
| 35:33 | Construir | Mill |
| 36:05 | Construir | Mining Camp |
| 36:27 | Construir | Mill |
| 36:37 | Construir | Lumber Camp |
| 36:50 | Construir | Mining Camp |
| 37:55 | Construir | Town Center |
| 39:13 | Construir | Market |
| 39:15 | Construir | Blacksmith |
| 40:05 | Investigar | Castle Age |
| 40:20 | Construir | House |
| 40:21 | Construir | House |
| 40:22 | Construir | House |
| 40:23 | Construir | House |
| 40:24 | Construir | House |
| 40:26 | Construir | House |
| 40:27 | Construir | House |
| 40:28 | Construir | House |
| 40:29 | Construir | House |
| 40:30 | Construir | House |
| 40:34 | Investigar | Double-Bit Axe |
| 40:36 | Investigar | Horse Collar |
| 40:38 | Investigar | Stone Mining |
| 40:38 | Investigar | Gold Mining |
| 42:30 | Edad | Edad de los Castillos |
| 42:50 | Crear | Villager (Male) |
| 42:50 | Crear | Villager (Male) |
| 43:01 | Construir | Town Center |
| 43:11 | Crear | Villager (Male) |
| 43:35 | Crear | Villager (Male) |
| 43:52 | Construir | Town Center |
| 44:26 | Crear | Villager (Male) |
| 44:26 | Crear | Villager (Male) |
| 44:44 | Construir | Town Center |
| 44:52 | Crear | Villager (Male) |
| 45:03 | Investigar | Bow Saw |
| 45:04 | Investigar | Heavy Plow |
| 45:14 | Construir | House |
| 45:16 | Construir | House |
| 45:20 | Construir | House |
| 45:22 | Construir | House |
| 45:25 | Crear | Villager (Male) |
| 45:26 | Crear | Villager (Male) |
| 45:26 | Crear | Villager (Male) |
| 45:27 | Crear | Villager (Male) |
| 45:27 | Crear | Villager (Male) |
| 45:40 | Investigar | Hand Cart |
| 45:52 | Crear | Villager (Male) |
| 45:53 | Crear | Villager (Male) |
| 45:54 | Crear | Villager (Male) |
| 45:54 | Crear | Villager (Male) |
| 45:54 | Crear | Villager (Male) |
| 45:54 | Crear | Villager (Male) |
| 45:59 | Crear | Villager (Male) |
| 45:59 | Crear | Villager (Male) |
| 45:59 | Crear | Villager (Male) |
| 46:16 | Construir | House |
| 46:18 | Construir | House |
| 46:19 | Construir | House |
| 46:28 | Construir | Farm |
| 46:28 | Construir | Farm |
| 46:28 | Construir | Farm |
| 46:29 | Construir | Farm |
| 46:29 | Construir | Farm |
| 46:29 | Construir | Farm |
| 46:29 | Construir | Farm |
| 46:38 | Construir | Farm |
| 46:39 | Construir | Farm |
| 46:39 | Construir | Farm |
| 46:39 | Construir | Farm |
| 46:39 | Construir | Farm |
| 47:15 | Construir | Farm |
| 47:16 | Construir | Farm |
| 47:16 | Construir | Farm |
| 47:26 | Construir | Farm |
| 47:26 | Construir | Farm |
Build order — OG-chaahhn Kenobi
Primeras 150 de 393 acciones detectadas
| 0:36 | Construir | Town Center |
| 2:33 | Crear | Villager (Male) |
| 2:33 | Crear | Villager (Male) |
| 2:33 | Crear | Villager (Male) |
| 2:33 | Crear | Villager (Male) |
| 2:33 | Crear | Villager (Male) |
| 2:44 | Construir | House |
| 2:46 | Construir | House |
| 4:04 | Crear | Villager (Male) |
| 4:05 | Crear | Villager (Male) |
| 4:10 | Construir | Lumber Camp |
| 4:20 | Crear | Villager (Male) |
| 4:20 | Crear | Villager (Male) |
| 4:44 | Crear | Villager (Male) |
| 4:44 | Crear | Villager (Male) |
| 4:44 | Crear | Villager (Male) |
| 5:15 | Crear | Villager (Male) |
| 5:40 | Crear | Villager (Male) |
| 5:40 | Crear | Villager (Male) |
| 5:40 | Crear | Villager (Male) |
| 6:44 | Crear | Villager (Male) |
| 6:44 | Crear | Villager (Male) |
| 6:44 | Crear | Villager (Male) |
| 7:00 | Construir | House |
| 7:40 | Crear | Villager (Male) |
| 7:48 | Construir | House |
| 8:03 | Crear | Villager (Male) |
| 8:03 | Crear | Villager (Male) |
| 8:03 | Crear | Villager (Male) |
| 8:38 | Construir | Palisade Wall |
| 8:46 | Construir | Palisade Wall |
| 8:51 | Construir | Palisade Wall |
| 8:56 | Construir | Palisade Wall |
| 9:00 | Construir | Palisade Wall |
| 9:17 | Crear | Villager (Male) |
| 9:17 | Crear | Villager (Male) |
| 9:19 | Crear | Villager (Male) |
| 10:01 | Construir | Mill |
| 10:12 | Construir | Mill |
| 11:31 | Investigar | Feudal Age |
| 11:31 | Investigar | Feudal Age |
| 11:57 | Construir | Barracks |
| 12:24 | Construir | Mining Camp |
| 12:48 | Crear | Villager (Male) |
| 12:53 | Investigar | Loom |
| 12:54 | Crear | Villager (Male) |
| 13:41 | Edad | Edad Feudal |
| 13:50 | Construir | Stable |
| 13:54 | Investigar | Double-Bit Axe |
| 13:54 | Investigar | Double-Bit Axe |
| 14:01 | Construir | Blacksmith |
| 14:05 | Crear | Villager (Male) |
| 14:19 | Construir | Palisade Wall |
| 14:23 | Construir | Palisade Wall |
| 14:26 | Crear | Villager (Male) |
| 14:36 | Crear | Scout Cavalry |
| 14:36 | Crear | Scout Cavalry |
| 14:36 | Crear | Scout Cavalry |
| 15:02 | Crear | Villager (Male) |
| 15:12 | Construir | House |
| 15:26 | Construir | House |
| 15:35 | Investigar | Town Watch |
| 15:43 | Construir | House |
| 15:52 | Investigar | Fletching |
| 15:53 | Investigar | Fletching |
| 15:53 | Investigar | Fletching |
| 16:06 | Crear | Villager (Male) |
| 16:06 | Crear | Villager (Male) |
| 16:44 | Crear | Villager (Male) |
| 16:45 | Crear | Villager (Male) |
| 17:32 | Crear | Scout Cavalry |
| 17:32 | Crear | Scout Cavalry |
| 17:34 | Crear | Villager (Male) |
| 17:34 | Crear | Villager (Male) |
| 17:45 | Investigar | Scale Barding Armor |
| 17:45 | Investigar | Scale Barding Armor |
| 18:37 | Crear | Villager (Male) |
| 18:38 | Crear | Villager (Male) |
| 19:16 | Crear | Villager (Male) |
| 19:54 | Crear | Villager (Male) |
| 19:54 | Crear | Villager (Male) |
| 20:14 | Crear | Villager (Male) |
| 20:22 | Construir | Mill |
| 20:56 | Crear | Villager (Male) |
| 20:56 | Crear | Villager (Male) |
| 22:21 | Crear | Villager (Male) |
| 22:22 | Crear | Villager (Male) |
| 22:43 | Crear | Villager (Male) |
| 22:51 | Construir | House |
| 22:51 | Construir | House |
| 22:52 | Construir | House |
| 25:21 | Crear | Villager (Male) |
| 25:21 | Crear | Villager (Male) |
| 25:54 | Construir | House |
| 26:09 | Crear | Villager (Male) |
| 26:18 | Construir | House |
| 26:45 | Crear | Villager (Male) |
| 26:52 | Construir | Market |
| 27:48 | Investigar | Castle Age |
| 27:49 | Investigar | Castle Age |
| 28:12 | Construir | Mill |
| 30:23 | Crear | Villager (Male) |
| 30:28 | Edad | Edad de los Castillos |
| 30:35 | Construir | Town Center |
| 30:44 | Construir | Town Center |
| 30:47 | Crear | Villager (Male) |
| 30:50 | Investigar | Bow Saw |
| 30:50 | Investigar | Bow Saw |
| 30:50 | Investigar | Bow Saw |
| 31:00 | Crear | Villager (Male) |
| 31:18 | Crear | Scout Cavalry |
| 31:20 | Crear | Knight |
| 31:25 | Construir | Farm |
| 31:25 | Construir | Farm |
| 31:25 | Construir | Farm |
| 31:26 | Construir | Farm |
| 31:26 | Construir | Farm |
| 31:29 | Crear | Villager (Male) ×2 |
| 31:39 | Construir | Lumber Camp |
| 31:51 | Crear | Villager (Male) |
| 31:59 | Crear | Villager (Male) |
| 32:03 | Construir | Farm |
| 32:04 | Construir | Farm |
| 32:04 | Construir | Farm |
| 32:04 | Construir | Farm |
| 32:04 | Construir | Farm |
| 32:05 | Construir | Farm |
| 32:05 | Construir | Farm |
| 32:16 | Construir | Farm |
| 32:20 | Crear | Villager (Male) ×2 |
| 32:20 | Crear | Villager (Male) ×2 |
| 32:20 | Crear | Villager (Male) ×2 |
| 32:23 | Crear | Villager (Male) |
| 32:24 | Crear | Villager (Male) |
| 32:24 | Crear | Villager (Male) |
| 32:48 | Crear | Villager (Male) ×2 |
| 32:48 | Crear | Villager (Male) ×2 |
| 33:02 | Construir | Town Center |
| 33:05 | Crear | Villager (Male) ×2 |
| 33:05 | Crear | Villager (Male) ×2 |
| 33:05 | Crear | Villager (Male) |
| 33:16 | Construir | Farm |
| 33:17 | Investigar | Horse Collar |
| 33:18 | Investigar | Horse Collar |
| 33:33 | Crear | Villager (Male) ×2 |
| 33:36 | Construir | Farm |
| 33:43 | Crear | Villager (Male) ×2 |
| 33:43 | Crear | Villager (Male) ×2 |
| 33:43 | Crear | Villager (Male) ×2 |
| 34:04 | Construir | Farm |
Build order — Balaputeradewa
Primeras 150 de 176 acciones detectadas
| 0:36 | Construir | Town Center |
| 2:54 | Crear | Villager (Male) |
| 2:55 | Investigar | Loom |
| 2:55 | Crear | Villager (Male) |
| 2:55 | Crear | Villager (Male) |
| 2:55 | Crear | Villager (Male) |
| 2:56 | Crear | Villager (Male) |
| 3:00 | Construir | House |
| 3:39 | Construir | Lumber Camp |
| 4:08 | Construir | Mill |
| 5:17 | Construir | House |
| 5:26 | Crear | Villager (Male) |
| 5:48 | Construir | Palisade Wall |
| 6:11 | Construir | House |
| 6:25 | Crear | Villager (Male) |
| 6:26 | Crear | Villager (Male) |
| 6:55 | Crear | Villager (Male) |
| 6:56 | Crear | Villager (Male) |
| 7:33 | Crear | Villager (Male) |
| 8:23 | Construir | House |
| 8:27 | Construir | House |
| 8:36 | Construir | Palisade Wall |
| 8:48 | Construir | Palisade Wall |
| 8:54 | Construir | Palisade Gate |
| 9:00 | Crear | Villager (Male) |
| 9:00 | Crear | Villager (Male) |
| 9:00 | Crear | Villager (Male) |
| 9:00 | Crear | Villager (Male) |
| 9:01 | Crear | Villager (Male) |
| 9:43 | Crear | Villager (Male) |
| 9:43 | Crear | Villager (Male) |
| 9:44 | Crear | Villager (Male) |
| 9:44 | Crear | Villager (Male) |
| 9:44 | Crear | Villager (Male) |
| 9:44 | Crear | Villager (Male) |
| 10:19 | Crear | Villager (Male) |
| 10:19 | Crear | Villager (Male) |
| 10:48 | Construir | Mill |
| 10:53 | Crear | Villager (Male) |
| 10:53 | Crear | Villager (Male) |
| 10:53 | Crear | Villager (Male) |
| 10:54 | Crear | Villager (Male) |
| 10:54 | Crear | Villager (Male) |
| 10:54 | Crear | Villager (Male) |
| 11:11 | Construir | House |
| 12:05 | Crear | Villager (Male) |
| 12:06 | Crear | Villager (Male) |
| 12:06 | Crear | Villager (Male) |
| 12:06 | Crear | Villager (Male) |
| 15:02 | Construir | Town Center |
| 16:02 | Construir | Mill |
| 16:06 | Investigar | Feudal Age |
| 18:00 | Crear | Villager (Male) |
| 18:16 | Edad | Edad Feudal |
| 18:37 | Crear | Villager (Male) |
| 18:37 | Crear | Villager (Male) |
| 19:24 | Construir | Watch Tower |
| 20:12 | Construir | Palisade Gate |
| 20:18 | Construir | House |
| 23:02 | Crear | Villager (Male) |
| 25:37 | Construir | Lumber Camp |
| 28:33 | Construir | Mill |
| 28:44 | Construir | House |
| 28:50 | Construir | House |
| 28:57 | Construir | House |
| 29:23 | Construir | Town Center |
| 31:08 | Construir | Blacksmith |
| 32:17 | Construir | Mining Camp |
| 33:01 | Construir | Mining Camp |
| 33:37 | Construir | Market |
| 33:39 | Crear | Villager (Male) |
| 33:39 | Crear | Villager (Male) |
| 33:58 | Construir | Gate |
| 34:02 | Construir | House |
| 34:04 | Construir | House |
| 34:06 | Construir | House |
| 34:11 | Construir | House |
| 34:49 | Construir | House |
| 34:51 | Construir | House |
| 34:57 | Investigar | Castle Age |
| 35:12 | Investigar | Double-Bit Axe |
| 35:44 | Crear | Villager (Male) |
| 36:20 | Construir | Barracks |
| 36:25 | Crear | Villager (Male) |
| 36:51 | Construir | Farm |
| 37:34 | Construir | Stone Wall |
| 37:37 | Edad | Edad de los Castillos |
| 37:41 | Construir | Gate |
| 37:54 | Investigar | Pikeman (upgrade) |
| 37:55 | Crear | Spearman |
| 37:56 | Crear | Spearman |
| 38:01 | Crear | Villager (Male) |
| 38:26 | Construir | Siege Workshop |
| 39:01 | Crear | Villager (Male) |
| 39:31 | Construir | Farm |
| 39:43 | Construir | Town Center |
| 39:57 | Crear | Villager (Male) |
| 40:07 | Construir | Farm |
| 40:45 | Construir | University |
| 41:00 | Construir | Stone Wall |
| 41:08 | Crear | Villager (Male) |
| 41:09 | Crear | Villager (Male) |
| 41:09 | Crear | Villager (Male) |
| 41:13 | Construir | Farm |
| 41:18 | Construir | Farm |
| 41:22 | Construir | Farm |
| 41:23 | Crear | Villager (Male) |
| 41:46 | Construir | Castle |
| 41:50 | Construir | Mining Camp |
| 42:10 | Investigar | Horse Collar |
| 42:18 | Crear | Villager (Male) |
| 42:28 | Construir | Farm |
| 42:39 | Construir | Farm |
| 42:43 | Crear | Villager (Male) |
| 43:23 | Crear | Villager (Male) |
| 43:23 | Crear | Villager (Male) |
| 43:24 | Crear | Villager (Male) |
| 43:25 | Crear | Villager (Male) |
| 43:25 | Crear | Villager (Male) |
| 43:59 | Investigar | Padded Archer Armor |
| 44:01 | Crear | Mangudai |
| 44:01 | Crear | Mangudai |
| 44:01 | Crear | Mangudai |
| 44:02 | Crear | Mangudai |
| 44:02 | Crear | Mangudai |
| 44:02 | Crear | Mangudai |
| 44:03 | Crear | Mangudai |
| 44:03 | Crear | Mangudai |
| 44:31 | Construir | Stable |
| 44:40 | Investigar | Fletching |
| 44:49 | Crear | Villager (Male) |
| 45:08 | Crear | Villager (Male) |
| 45:16 | Crear | Mangudai |
| 45:16 | Crear | Mangudai |
| 45:17 | Crear | Mangudai |
| 45:17 | Crear | Mangudai |
| 45:17 | Crear | Mangudai |
| 45:29 | Construir | Mining Camp |
| 45:31 | Crear | Villager (Male) |
| 45:31 | Crear | Villager (Male) |
| 45:31 | Crear | Villager (Male) |
| 46:00 | Crear | Mangudai |
| 46:15 | Investigar | Bloodlines |
| 46:53 | Investigar | Ballistics |
| 48:16 | Investigar | Husbandry |
| 48:20 | Crear | Steppe Lancer |
| 48:20 | Crear | Steppe Lancer |
| 48:21 | Crear | Steppe Lancer |
| 48:21 | Crear | Steppe Lancer |
| 48:22 | Crear | Steppe Lancer |
Build order — Cilantro Ranger
Primeras 150 de 231 acciones detectadas
| 0:39 | Construir | Town Center |
| 2:28 | Construir | House |
| 2:30 | Construir | House |
| 3:01 | Crear | Villager (Male) |
| 3:02 | Crear | Villager (Male) |
| 3:02 | Crear | Villager (Male) |
| 3:02 | Crear | Villager (Male) |
| 3:57 | Crear | Villager (Male) |
| 5:09 | Crear | Villager (Male) |
| 5:10 | Crear | Villager (Male) |
| 5:10 | Crear | Villager (Male) |
| 6:09 | Crear | Villager (Male) |
| 7:42 | Crear | Villager (Male) ×5 |
| 7:56 | Construir | House |
| 8:32 | Crear | Villager (Male) |
| 8:32 | Crear | Villager (Male) |
| 8:55 | Construir | Mill |
| 10:16 | Crear | Villager (Male) |
| 11:41 | Crear | Villager (Male) |
| 11:41 | Crear | Villager (Male) |
| 11:42 | Crear | Villager (Male) |
| 12:44 | Investigar | Loom |
| 12:48 | Construir | Lumber Camp |
| 13:02 | Construir | House |
| 13:35 | Investigar | Feudal Age |
| 14:01 | Construir | Mining Camp |
| 14:53 | Construir | Barracks |
| 15:32 | Construir | House |
| 15:44 | Construir | Farm |
| 15:45 | Edad | Edad Feudal |
| 15:49 | Construir | Farm |
| 15:57 | Construir | Stable |
| 16:06 | Investigar | Double-Bit Axe |
| 16:56 | Construir | Mill |
| 16:58 | Crear | Scout Cavalry |
| 16:58 | Crear | Scout Cavalry |
| 16:59 | Crear | Scout Cavalry |
| 16:59 | Crear | Scout Cavalry |
| 17:21 | Construir | Farm |
| 17:44 | Crear | Villager (Male) |
| 17:45 | Crear | Villager (Male) |
| 18:16 | Crear | Scout Cavalry |
| 18:50 | Construir | Market |
| 18:57 | Construir | Blacksmith |
| 19:15 | Construir | Farm |
| 19:20 | Construir | Farm |
| 19:32 | Crear | Villager (Male) |
| 19:34 | Investigar | Castle Age |
| 19:41 | Investigar | Bloodlines |
| 19:52 | Construir | Stable |
| 21:00 | Investigar | Gold Mining |
| 21:27 | Crear | Scout Cavalry |
| 21:42 | Construir | Farm |
| 21:44 | Construir | Farm |
| 22:16 | Edad | Edad de los Castillos |
| 22:22 | Crear | Camel Scout |
| 22:22 | Crear | Camel Scout |
| 22:23 | Crear | Camel Scout |
| 22:24 | Crear | Camel Scout |
| 22:24 | Crear | Camel Scout |
| 22:41 | Construir | Town Center |
| 23:08 | Crear | Camel Scout |
| 23:11 | Crear | Villager (Male) ×2 |
| 23:18 | Construir | House |
| 23:19 | Construir | House |
| 23:20 | Construir | House |
| 23:37 | Crear | Camel Scout |
| 24:12 | Crear | Camel Scout |
| 24:12 | Crear | Camel Scout |
| 24:13 | Crear | Camel Scout |
| 24:18 | Crear | Villager (Male) |
| 25:02 | Crear | Villager (Male) ×2 |
| 25:39 | Crear | Camel Scout |
| 25:39 | Crear | Scout Cavalry |
| 25:39 | Crear | Camel Scout |
| 25:48 | Construir | Farm |
| 25:48 | Construir | Farm |
| 27:22 | Crear | Camel Scout ×5 |
| 27:52 | Crear | Villager (Male) ×2 |
| 28:05 | Construir | Farm |
| 28:15 | Crear | Villager (Male) |
| 28:47 | Construir | Siege Workshop |
| 28:53 | Construir | Town Center |
| 29:08 | Crear | Camel Scout |
| 29:08 | Crear | Camel Scout |
| 29:14 | Investigar | Husbandry |
| 29:18 | Crear | Villager (Male) |
| 29:30 | Crear | Villager (Male) ×5 |
| 29:33 | Crear | Camel Scout |
| 30:37 | Crear | Villager (Male) ×4 |
| 30:40 | Construir | House |
| 30:43 | Construir | House |
| 30:45 | Construir | House |
| 30:46 | Construir | House |
| 31:18 | Crear | Villager (Male) ×3 |
| 31:50 | Construir | Mill |
| 31:50 | Construir | Farm |
| 31:51 | Construir | Farm |
| 31:51 | Construir | Farm |
| 31:51 | Construir | Farm |
| 31:52 | Construir | Farm |
| 31:52 | Construir | Farm |
| 31:52 | Construir | Farm |
| 32:25 | Crear | Armored Elephant |
| 32:25 | Crear | Armored Elephant |
| 32:46 | Investigar | Scale Barding Armor |
| 32:47 | Investigar | Forging |
| 32:59 | Crear | Mangonel |
| 33:05 | Crear | Villager (Male) |
| 33:13 | Construir | Farm |
| 33:21 | Crear | Villager (Male) ×3 |
| 34:33 | Crear | Mangonel |
| 34:34 | Crear | Mangonel |
| 34:37 | Crear | Camel Scout |
| 34:37 | Crear | Camel Scout |
| 34:37 | Crear | Camel Scout |
| 34:38 | Crear | Camel Scout |
| 34:40 | Crear | Villager (Male) ×3 |
| 35:12 | Crear | Camel Scout |
| 35:13 | Crear | Camel Scout |
| 35:15 | Crear | Villager (Male) |
| 35:21 | Construir | Lumber Camp |
| 37:21 | Crear | Villager (Male) ×5 |
| 37:25 | Construir | House |
| 37:26 | Construir | House |
| 37:27 | Construir | House |
| 37:28 | Construir | House |
| 37:49 | Investigar | Chain Barding Armor |
| 38:15 | Construir | Mining Camp |
| 38:21 | Construir | Mining Camp |
| 38:28 | Construir | Mill |
| 39:01 | Crear | Camel Scout |
| 39:02 | Crear | Camel Scout |
| 39:02 | Crear | Camel Scout |
| 39:03 | Crear | Camel Scout |
| 39:15 | Investigar | Iron Casting |
| 39:20 | Construir | Farm |
| 39:20 | Construir | Farm |
| 39:20 | Construir | Farm |
| 39:21 | Construir | Farm |
| 39:21 | Construir | Farm |
| 39:21 | Construir | Farm |
| 39:25 | Construir | House |
| 39:26 | Construir | House |
| 39:26 | Construir | House |
| 39:26 | Construir | House |
| 39:26 | Construir | House |
| 39:27 | Construir | House |
| 39:28 | Construir | House |
| 39:31 | Construir | House |
Build order — CARCA_ELMATA7
Primeras 150 de 248 acciones detectadas
| 1:23 | Construir | Town Center |
| 3:15 | Construir | House |
| 3:18 | Crear | Villager (Male) |
| 3:19 | Crear | Villager (Male) |
| 3:19 | Crear | Villager (Male) |
| 3:20 | Crear | Villager (Male) |
| 3:20 | Crear | Villager (Male) |
| 3:33 | Construir | House |
| 4:13 | Crear | Villager (Male) |
| 4:13 | Crear | Villager (Male) |
| 5:01 | Crear | Villager (Male) |
| 5:02 | Crear | Villager (Male) |
| 5:39 | Crear | Villager (Male) |
| 6:09 | Crear | Villager (Male) |
| 6:10 | Crear | Villager (Male) |
| 6:47 | Crear | Villager (Male) |
| 6:48 | Crear | Villager (Male) |
| 7:18 | Construir | Mill |
| 7:22 | Crear | Villager (Male) |
| 7:22 | Crear | Villager (Male) |
| 7:55 | Construir | House |
| 8:14 | Crear | Villager (Male) |
| 8:14 | Crear | Villager (Male) |
| 8:22 | Crear | Villager (Male) |
| 8:22 | Crear | Villager (Male) |
| 8:47 | Crear | Villager (Male) |
| 8:48 | Crear | Villager (Male) |
| 8:56 | Construir | House |
| 9:28 | Crear | Villager (Male) |
| 10:07 | Crear | Villager (Male) |
| 10:28 | Crear | Villager (Male) |
| 10:39 | Crear | Villager (Male) |
| 11:08 | Construir | Lumber Camp |
| 11:28 | Investigar | Feudal Age |
| 11:39 | Construir | House |
| 11:43 | Construir | House |
| 11:50 | Construir | Palisade Wall |
| 13:13 | Crear | Villager (Male) |
| 13:13 | Crear | Villager (Male) |
| 13:14 | Investigar | Loom |
| 13:49 | Edad | Edad Feudal |
| 13:49 | Investigar | Double-Bit Axe |
| 13:50 | Investigar | Double-Bit Axe |
| 13:58 | Construir | Mining Camp |
| 14:09 | Investigar | Horse Collar |
| 15:00 | Construir | Mill |
| 15:08 | Crear | Villager (Male) |
| 15:10 | Crear | Villager (Male) |
| 15:42 | Crear | Villager (Male) |
| 16:12 | Construir | Barracks |
| 16:18 | Crear | Villager (Male) |
| 16:18 | Crear | Villager (Male) |
| 16:21 | Investigar | Wheelbarrow |
| 16:32 | Investigar | Gold Mining |
| 17:12 | Construir | Archery Range |
| 17:35 | Construir | Blacksmith |
| 17:46 | Construir | House |
| 17:48 | Construir | House |
| 18:04 | Investigar | Castle Age |
| 18:48 | Construir | Palisade Gate |
| 19:10 | Construir | Mining Camp |
| 19:16 | Investigar | Stone Mining |
| 19:49 | Construir | Archery Range |
| 19:57 | Crear | Spearman |
| 20:15 | Construir | Palisade Wall |
| 20:30 | Crear | Spearman |
| 20:56 | Construir | House |
| 20:58 | Construir | House |
| 21:06 | Construir | Archery Range |
| 21:08 | Edad | Edad de los Castillos |
| 21:28 | Crear | Unit 1952 ×5 |
| 21:31 | Investigar | Fletching |
| 21:35 | Crear | Villager (Male) |
| 21:35 | Crear | Villager (Male) |
| 21:35 | Crear | Villager (Male) |
| 21:44 | Investigar | Bow Saw |
| 22:02 | Investigar | Gold Shaft Mining |
| 22:32 | Construir | Stable |
| 23:16 | Crear | Unit 1952 |
| 23:16 | Crear | Unit 1952 |
| 23:16 | Crear | Unit 1952 |
| 23:16 | Crear | Unit 1952 |
| 23:17 | Crear | Unit 1952 |
| 23:20 | Investigar | Town Watch |
| 23:23 | Crear | Villager (Male) |
| 23:23 | Crear | Villager (Male) |
| 24:27 | Construir | Mill |
| 24:42 | Crear | Unit 1952 |
| 24:42 | Crear | Unit 1952 |
| 24:43 | Crear | Unit 1952 |
| 24:43 | Crear | Unit 1952 |
| 24:43 | Crear | Unit 1952 |
| 24:44 | Crear | Unit 1952 |
| 24:44 | Crear | Unit 1952 |
| 24:45 | Crear | Unit 1952 |
| 24:45 | Crear | Unit 1952 |
| 24:45 | Crear | Unit 1952 |
| 24:45 | Crear | Unit 1952 |
| 24:46 | Crear | Unit 1952 |
| 24:46 | Crear | Unit 1952 |
| 24:46 | Crear | Unit 1952 |
| 24:47 | Crear | Unit 1952 |
| 25:18 | Crear | Villager (Male) |
| 25:18 | Crear | Villager (Male) |
| 25:18 | Crear | Villager (Male) |
| 26:09 | Construir | Town Center |
| 26:14 | Crear | Villager (Male) |
| 26:14 | Crear | Villager (Male) |
| 26:17 | Construir | House |
| 26:22 | Construir | Monastery |
| 26:49 | Construir | Town Center |
| 26:57 | Crear | Villager (Male) |
| 26:57 | Crear | Villager (Male) |
| 27:48 | Crear | Villager (Male) |
| 27:48 | Crear | Villager (Male) |
| 28:50 | Construir | Town Center |
| 29:17 | Crear | Unit 1952 ×5 |
| 29:17 | Crear | Unit 1952 ×5 |
| 29:32 | Construir | House |
| 29:37 | Construir | Palisade Wall |
| 29:40 | Construir | Palisade Wall |
| 29:41 | Construir | Palisade Wall |
| 30:04 | Investigar | Bloodlines |
| 30:05 | Investigar | Bloodlines |
| 30:06 | Investigar | Husbandry |
| 30:06 | Investigar | Husbandry |
| 30:55 | Construir | University |
| 30:59 | Crear | Villager (Male) |
| 30:59 | Crear | Villager (Male) |
| 31:36 | Construir | Town Center |
| 31:44 | Investigar | Ballistics |
| 31:46 | Crear | Villager (Male) |
| 31:46 | Crear | Villager (Male) |
| 32:24 | Construir | Market |
| 32:41 | Crear | Villager (Male) |
| 32:41 | Crear | Villager (Male) |
| 32:42 | Crear | Villager (Male) |
| 33:23 | Investigar | Bodkin Arrow |
| 33:48 | Construir | Farm |
| 33:48 | Construir | Farm |
| 33:49 | Construir | Farm |
| 33:49 | Construir | Farm |
| 33:49 | Construir | Farm |
| 33:50 | Construir | Farm |
| 33:50 | Construir | Farm |
| 33:50 | Construir | Farm |
| 35:18 | Investigar | Imperial Age |
| 35:40 | Crear | Unit 1952 ×5 |
| 35:40 | Crear | Unit 1952 ×5 |
| 36:25 | Construir | Castle |
Build order — praetorian005
Primeras 150 de 240 acciones detectadas
| 1:11 | Construir | Town Center |
| 2:45 | Construir | House |
| 2:49 | Construir | House |
| 3:23 | Crear | Villager (Male) |
| 3:24 | Crear | Villager (Male) |
| 3:24 | Crear | Villager (Male) |
| 3:24 | Crear | Villager (Male) |
| 3:24 | Crear | Villager (Male) |
| 3:25 | Crear | Villager (Male) |
| 4:51 | Crear | Villager (Male) |
| 4:51 | Crear | Villager (Male) |
| 5:23 | Crear | Villager (Male) |
| 5:23 | Crear | Villager (Male) |
| 5:24 | Crear | Villager (Male) |
| 5:44 | Crear | Villager (Male) |
| 5:44 | Crear | Villager (Male) |
| 6:10 | Crear | Villager (Male) |
| 6:10 | Crear | Villager (Male) |
| 6:24 | Crear | Villager (Male) |
| 6:25 | Crear | Villager (Male) |
| 6:53 | Construir | Mill |
| 6:57 | Crear | Villager (Male) |
| 7:08 | Construir | Lumber Camp |
| 7:28 | Crear | Villager (Male) |
| 7:34 | Construir | House |
| 7:35 | Construir | House |
| 8:37 | Crear | Villager (Male) |
| 9:23 | Crear | Villager (Male) |
| 9:23 | Crear | Villager (Male) |
| 9:24 | Crear | Villager (Male) |
| 9:58 | Investigar | Loom |
| 10:25 | Crear | Villager (Male) |
| 10:26 | Crear | Villager (Male) |
| 11:04 | Crear | Villager (Male) |
| 11:05 | Crear | Villager (Male) |
| 11:30 | Crear | Villager (Male) |
| 11:30 | Crear | Villager (Male) |
| 11:30 | Crear | Villager (Male) |
| 11:30 | Crear | Villager (Male) |
| 12:06 | Construir | Palisade Wall |
| 12:10 | Construir | Palisade Wall |
| 12:15 | Construir | Palisade Wall |
| 12:20 | Construir | Palisade Wall |
| 12:31 | Crear | Villager (Male) |
| 12:31 | Crear | Villager (Male) |
| 12:32 | Crear | Villager (Male) |
| 13:11 | Crear | Villager (Male) |
| 13:11 | Crear | Villager (Male) |
| 13:25 | Crear | Villager (Male) |
| 13:26 | Crear | Villager (Male) |
| 14:06 | Crear | Villager (Male) |
| 14:06 | Crear | Villager (Male) |
| 14:06 | Crear | Villager (Male) |
| 14:38 | Construir | Lumber Camp |
| 15:41 | Crear | Villager (Male) |
| 17:03 | Crear | Villager (Male) |
| 17:03 | Crear | Villager (Male) |
| 17:03 | Crear | Villager (Male) |
| 17:36 | Crear | Villager (Male) |
| 18:37 | Crear | Villager (Male) |
| 20:14 | Construir | Town Center |
| 22:49 | Construir | Mining Camp |
| 23:19 | Crear | Villager (Male) |
| 23:19 | Crear | Villager (Male) |
| 23:20 | Crear | Villager (Male) |
| 23:20 | Crear | Villager (Male) |
| 25:12 | Construir | Town Center |
| 25:24 | Construir | Barracks |
| 26:06 | Construir | Lumber Camp |
| 27:27 | Crear | Villager (Male) |
| 27:28 | Crear | Villager (Male) |
| 27:28 | Crear | Villager (Male) |
| 27:28 | Crear | Villager (Male) |
| 29:07 | Construir | Barracks |
| 29:14 | Crear | Villager (Male) |
| 29:14 | Crear | Villager (Male) |
| 29:15 | Crear | Villager (Male) |
| 29:34 | Crear | Villager (Male) |
| 29:34 | Crear | Villager (Male) |
| 30:01 | Crear | Villager (Male) |
| 30:04 | Construir | House |
| 30:05 | Construir | House |
| 30:06 | Construir | House |
| 30:06 | Construir | House |
| 30:07 | Construir | House |
| 30:12 | Construir | Mill |
| 31:10 | Construir | Mill |
| 31:10 | Crear | Villager (Male) |
| 31:11 | Crear | Villager (Male) |
| 31:43 | Crear | Villager (Male) |
| 31:44 | Crear | Villager (Male) |
| 31:49 | Construir | House |
| 31:50 | Construir | House |
| 31:51 | Construir | House |
| 31:58 | Crear | Villager (Male) |
| 31:58 | Crear | Villager (Male) |
| 32:53 | Investigar | Feudal Age |
| 33:26 | Crear | Villager (Male) |
| 33:35 | Construir | Lumber Camp |
| 33:59 | Construir | Mining Camp |
| 34:11 | Construir | Mill |
| 34:14 | Crear | Villager (Male) |
| 34:15 | Crear | Villager (Male) |
| 34:44 | Crear | Villager (Male) |
| 34:57 | Construir | Mill |
| 35:00 | Crear | Villager (Male) |
| 35:10 | Edad | Edad Feudal |
| 35:11 | Investigar | Double-Bit Axe |
| 35:11 | Investigar | Double-Bit Axe |
| 35:15 | Investigar | Gold Mining |
| 35:21 | Crear | Villager (Male) |
| 35:31 | Construir | Market |
| 35:38 | Construir | Market |
| 35:39 | Construir | Blacksmith |
| 35:44 | Crear | Villager (Male) |
| 36:06 | Investigar | Stone Mining |
| 36:50 | Crear | Villager (Male) |
| 36:51 | Crear | Villager (Male) |
| 36:56 | Investigar | Castle Age |
| 37:47 | Construir | Mill |
| 38:49 | Crear | Villager (Male) |
| 38:56 | Construir | Stable |
| 38:57 | Construir | Stable |
| 38:58 | Construir | Stable |
| 38:59 | Construir | Stable |
| 39:02 | Crear | Villager (Male) |
| 39:03 | Crear | Villager (Male) |
| 39:36 | Edad | Edad de los Castillos |
| 39:44 | Investigar | Bloodlines |
| 39:45 | Investigar | Husbandry |
| 39:47 | Investigar | Scale Barding Armor |
| 39:48 | Investigar | Forging |
| 39:50 | Crear | Steppe Lancer |
| 40:06 | Crear | Villager (Male) |
| 40:13 | Crear | Steppe Lancer |
| 40:33 | Crear | Steppe Lancer |
| 40:34 | Crear | Steppe Lancer |
| 40:53 | Construir | Siege Workshop |
| 40:55 | Crear | Villager (Male) |
| 41:17 | Construir | Stable |
| 41:20 | Crear | Villager (Male) |
| 41:21 | Crear | Steppe Lancer |
| 41:21 | Crear | Steppe Lancer |
| 41:22 | Crear | Steppe Lancer |
| 41:34 | Construir | Mill |
| 41:38 | Crear | Villager (Male) |
| 41:43 | Crear | Steppe Lancer |
| 41:46 | Crear | Battering Ram |
| 42:12 | Construir | Mill |
| 42:19 | Crear | Steppe Lancer |
Cronología de la partida
| 5:48 | Balaputeradewa · wall_segment Palisade Wall x1 |
| 8:36 | Balaputeradewa · wall_segment Palisade Wall x1 |
| 8:38 | OG-chaahhn Kenobi · wall_segment Palisade Wall x1 |
| 8:46 | OG-chaahhn Kenobi · wall_segment Palisade Wall x1 |
| 8:48 | Balaputeradewa · wall_segment Palisade Wall x8 |
| 8:51 | OG-chaahhn Kenobi · wall_segment Palisade Wall x2 |
| 8:56 | OG-chaahhn Kenobi · wall_segment Palisade Wall x1 |
| 9:00 | OG-chaahhn Kenobi · wall_segment Palisade Wall x1 |
| 11:50 | CARCA_ELMATA7 · wall_segment Palisade Wall x6 |
| 11:57 | OG-chaahhn Kenobi · first_building Barracks |
| 12:06 | praetorian005 · wall_segment Palisade Wall x1 |
| 12:10 | praetorian005 · wall_segment Palisade Wall x1 |
| 12:15 | praetorian005 · wall_segment Palisade Wall x1 |
| 12:20 | praetorian005 · wall_segment Palisade Wall x1 |
| 13:41 | OG-chaahhn Kenobi · age_up feudal |
| 13:49 | CARCA_ELMATA7 · age_up feudal |
| 13:50 | OG-chaahhn Kenobi · first_building Stable |
| 14:19 | OG-chaahhn Kenobi · wall_segment Palisade Wall x3 |
| 14:23 | OG-chaahhn Kenobi · wall_segment Palisade Wall x12 |
| 14:53 | Cilantro Ranger · first_building Barracks |
| 15:45 | Cilantro Ranger · age_up feudal |
| 15:57 | Cilantro Ranger · first_building Stable |
| 16:12 | CARCA_ELMATA7 · first_building Barracks |
| 17:12 | CARCA_ELMATA7 · first_building Archery Range |
| 18:16 | Balaputeradewa · age_up feudal |
| 20:15 | CARCA_ELMATA7 · wall_segment Palisade Wall x1 |
| 21:08 | CARCA_ELMATA7 · age_up castle |
| 22:16 | Cilantro Ranger · age_up castle |
| 22:32 | CARCA_ELMATA7 · first_building Stable |
| 25:24 | praetorian005 · first_building Barracks |
| 26:22 | CARCA_ELMATA7 · first_building Monastery |
| 27:22 | OG-chaahhn Kenobi · first_market_buy 100 food |
| 27:26 | OG-chaahhn Kenobi · first_market_sell 100 wood |
| 28:47 | Cilantro Ranger · first_building Siege Workshop |
| 29:28 | Cilantro Ranger · first_market_buy 100 food |
| 29:37 | CARCA_ELMATA7 · wall_segment Palisade Wall x7 |
| 29:40 | CARCA_ELMATA7 · wall_segment Palisade Wall x1 |
| 29:41 | CARCA_ELMATA7 · wall_segment Palisade Wall x1 |
| 30:28 | OG-chaahhn Kenobi · age_up castle |
| 33:18 | CARCA_ELMATA7 · first_market_buy 100 food |
| 33:28 | Road To Herald · age_up feudal |
| 35:10 | praetorian005 · age_up feudal |
| 36:14 | OG-chaahhn Kenobi · first_building Castle |
| 36:20 | Balaputeradewa · first_building Barracks |
| 36:25 | CARCA_ELMATA7 · first_building Castle |
| 37:34 | Balaputeradewa · wall_segment Stone Wall x15 |
| 37:37 | Balaputeradewa · age_up castle |
| 38:26 | Balaputeradewa · first_building Siege Workshop |
| 38:28 | CARCA_ELMATA7 · age_up imperial |
| 38:56 | praetorian005 · first_building Stable |
| 39:06 | CARCA_ELMATA7 · first_building Siege Workshop |
| 39:11 | praetorian005 · first_market_buy 100 wood |
| 39:36 | praetorian005 · age_up castle |
| 40:53 | praetorian005 · first_building Siege Workshop |
| 41:00 | Balaputeradewa · wall_segment Stone Wall x6 |
| 41:46 | Balaputeradewa · first_building Castle |
| 42:30 | Road To Herald · age_up castle |
| 43:05 | praetorian005 · first_market_sell 100 wood |
| 43:11 | CARCA_ELMATA7 · first_market_sell 500 wood |
| 44:31 | Balaputeradewa · first_building Stable |
| 45:09 | OG-chaahhn Kenobi · age_up imperial |
| 45:54 | OG-chaahhn Kenobi · first_building Monastery |
| 46:41 | Cilantro Ranger · first_building Castle |
| 48:45 | OG-chaahhn Kenobi · first_building Siege Workshop |
| 50:40 | Road To Herald · first_building Barracks |
| 51:53 | Cilantro Ranger · age_up imperial |
| 52:37 | Road To Herald · first_building Castle |
| 53:55 | CARCA_ELMATA7 · resign |
[ ANÁLISIS IA · 1 CRÉDITO ]
¿Qué pasó realmente en esta partida?
Wolo.gg analiza cada decisión: build order, eco, micro, errores típicos por bracket. Análisis personalizado por WhatsApp o Discord en 30 segundos.
Guía civ
Persas
Perfil
Jugador #20989979